 Dungeon Crawl Stone Soup version 0.31-a0-200-gbc41564c69 (webtiles) character file.

Game seed: 11906551729020394203

17539957 tensugalgo the Conqueror (level 27, 249/249 HPs)
             Began as a Barachi Monk on June 25, 2023.
             Was the Champion of Cheibriados.
             Escaped with the Orb
             ... and 15 runes on June 26, 2023!
             The game lasted 05:29:10 (88111 turns).

tensugalgo the Conqueror (Barachi Monk)            Turns: 88111, Time: 05:29:10

Health: 249/249    AC: 41    Str: 31      XL:     27
Magic:  63/63      EV: 54    Int: 34 (35) God:    Cheibriados [******]
Gold:   11140      SH:  0    Dex: 51 (52) Spells: 18/80 levels left

rFire   + + +        H - +12 glaive of the Grinning Badger {flame, Contam rPois rC+ rCorr}
rCold   + + .        (shield currently unavailable)
rNeg    . . .        Y - +8 chain mail of the Coconut {rElec rCorr}
rPois   +            A - +0 helmet of Free Expression {Regen+ Stlth+}
rElec   +            L - +2 cloak {rCorr}
rCorr   +            F - +3 pair of gauntlets of War {Slay+5}
SInv    +            V - +2 pair of boots "Fezel" {Contam rPois rF+ Dex+3}
Will    +++..        q - amulet "Cuqito" {RegenMP rPois rF- Regen+ Dex+8}
Stlth   +            u - ring of Desixt {rF+++ EV+5 Str-4 Slay+4 SInv}
HPRegen 2.21/turn    d - ring of Ugith {Will+ MP+9 Str+6 Dex+6}
MPRegen 0.78/turn

%: no passive effects
@: studying 7 skills, very slow
A: amphibious, slowness 1, strong legs 2, +LOS, talons 1, agile 1, cold
resistance 1, noise suppression
0: Orb of Zot
}: 15/15 runes: serpentine, barnacled, slimy, silver, golden, iron, obsidian,
icy, bone, abyssal, demonic, glowing, magical, fiery, dark
a: Hop, Renounce Religion, Bend Time, Temporal Distortion, Slouch, Step From
Time


You escaped.
You worshipped Cheibriados.
Cheibriados was exalted by your worship.
You visited 18 branches of the dungeon, and saw 88 of its levels.
You visited Pandemonium 1 time, and saw 12 of its levels.
You visited the Abyss 2 times.
You visited 1 ziggurat, and saw 11 of its levels.
You also visited: Ice Cave, Volcano and Desolation.

You collected 14367 gold pieces.
You spent 3227 gold pieces at shops.

Inventory:

Hand Weapons
 H - the +12 glaive of the Grinning Badger (weapon) {flame, Contam rPois rC+ rCorr}
   (You found it on level 8 of the Dungeon)

   rC:        It protects you from cold.
   rPois:     It protects you from poison.
   Contam:    It causes magical contamination when unequipped.
   rCorr:     It protects you from acid and corrosion.
Missiles
 r - 17 curare-tipped darts
 C - 8 throwing nets
Armour
 A - the +0 helmet of Free Expression (worn) {Regen+ Stlth+}
   (You bought it in a shop on level 2 of the Orcish Mines)

   Regen:     It increases your rate of health regeneration.
   Stlth:     It makes you more stealthy.
 F - the +3 pair of gauntlets of War (worn) {Slay+5}
   (You acquired it in Pandemonium)

   Slay:      It affects your accuracy & damage with ranged weapons and melee
   (+5).
 L - a +2 cloak of preservation (worn)
 V - the +2 pair of boots "Fezel" (worn) {Contam rPois rF+ Dex+3}
   (You found it on level 3 of the Elven Halls)

   Dex:       It affects your dexterity (+3).
   rF:        It protects you from fire.
   rPois:     It protects you from poison.
   Contam:    It causes magical contamination when unequipped.
 Y - the +8 chain mail of the Coconut (worn) {rElec rCorr}
   (You took it off a deep elf blademaster on level 3 of the Elven Halls)

   rElec:     It insulates you from electricity.
   rCorr:     It protects you from acid and corrosion.
Jewellery
 d - the ring of Ugith (right hand) {Will+ MP+9 Str+6 Dex+6}
   (You bought it in a shop on level 1 of the Vaults)

   [ring of dexterity]

   Str:       It affects your strength (+6).
   Dex:       It affects your dexterity (+6).
   MP:        It affects your magic capacity (+9).
   Will:      It increases your willpower.
 h - the ring "Jevy" {Will+ Str+3}
   (You found it on level 7 of Cocytus)

   [ring of willpower]

   Str:       It affects your strength (+3).
   Will:      It increases your willpower.
 k - the amulet "Tikiophio" {Faith rF++ Int+6 Stlth-}
   (You found it on level 7 of Cocytus)

   [amulet of faith]

   It allows you to gain divine favour quickly.
   Int:       It affects your intelligence (+6).
   rF:        It greatly protects you from fire.
   Stlth:     It makes you less stealthy.
 q - the amulet "Cuqito" (around neck) {RegenMP rPois rF- Regen+ Dex+8}
   (You found it on level 5 of the Vaults)

   [amulet of magic regeneration]

   It increases your rate of magic regeneration.
   Dex:       It affects your dexterity (+8).
   rF:        It makes you vulnerable to fire.
   rPois:     It protects you from poison.
   Regen:     It increases your rate of health regeneration.
 u - the ring of Desixt (left hand) {rF+++ EV+5 Str-4 Slay+4 SInv}
   (You found it in the Desolation of Salt)

   [ring of evasion]

   EV:        It affects your evasion (+5).
   Str:       It affects your strength (-4).
   Slay:      It affects your accuracy & damage with ranged weapons and melee
   (+4).
   rF:        It renders you almost immune to fire.
   SInv:      It lets you see invisible.
 w - the amulet of Jala {Acrobat rF+ Str+3}
   (You found it on level 7 of Gehenna)

   [amulet of the acrobat]

   It increases your evasion while moving and waiting.
   Str:       It affects your strength (+3).
   rF:        It protects you from fire.
 y - the ring of Xeurghodo {rElec rPois rC+ MP+9 Str+6}
   (You found it on level 7 of Gehenna)

   [ring of strength]

   Str:       It affects your strength (+6).
   rC:        It protects you from cold.
   rElec:     It insulates you from electricity.
   rPois:     It protects you from poison.
   MP:        It affects your magic capacity (+9).
 z - a +5 ring of evasion
 R - the ring of Shadows {Umbra +Inv Stlth+}
   (You found it on level 3 of the Tomb of the Ancients)

   [ring of stealth]

   Umbra:     It surrounds you with an aura of shadow, increasing your stealth
   and reducing the accuracy of all others within it.
   +Inv:      It lets you turn invisible.
   Stlth:     It makes you more stealthy.
 Z - a +6 ring of intelligence
Wands
 b - a wand of flame (13)
 c - a wand of polymorph (40)
 g - a wand of charming (44)
 E - a wand of digging (4)
 N - a wand of iceblast (64)
 T - a wand of acid (47)
Scrolls
 a - 15 scrolls of poison
 j - 4 scrolls of revelation
 m - 3 scrolls of summoning
 p - 13 scrolls of fear
 t - 17 scrolls of teleportation
 v - 12 scrolls of blinking
 x - 8 scrolls of fog
 Q - 4 scrolls of silence
Potions
 e - 8 potions of brilliance
 f - 10 potions of lignification
 i - 13 potions of enlightenment
 l - 10 potions of heal wounds
 n - 9 potions of attraction
 s - 21 potions of curing
 B - a potion of cancellation
 G - 6 potions of berserk rage
 I - 8 potions of ambrosia
 J - 5 potions of magic
 K - 14 potions of mutation
 M - 3 potions of resistance
 S - 7 potions of might
 X - a potion of invisibility
Miscellaneous
 o - a condenser vane
 D - a phial of floods
 O - a lightning rod (4/4)
 P - a figurine of a ziggurat
 U - a box of beasts
 W - a phantom mirror


   Skills:
 O Level 27 Fighting
 - Level 4.1 Long Blades
 - Level 19.0 Polearms
 O Level 27 Armour
 + Level 23.2 Dodging
 O Level 27 Spellcasting
 - Level 13.0 Hexes
 - Level 19.0 Necromancy
 - Level 4.0 Translocations
 - Level 21.0 Transmutations
 + Level 25.4 Fire Magic
 - Level 14.0 Ice Magic
 - Level 18.0 Air Magic
 - Level 7.2 Earth Magic
 - Level 15.0 Invocations
 - Level 11.0 Evocations


You had 18 spell levels left.
You knew the following spells:

 Your Spells              Type           Power      Damage    Failure   Level
a - Frozen Ramparts       Ice            100%       1d16      0%          3
b - Blink                 Tloc           100%       N/A       1%          2
c - Enfeeble              Hex            47%        N/A       3%          7
d - Ignition              Fire           60%        3d16      1%          8
e - Passage of Golubria   Tloc           64%        N/A       1%          4
f - Passwall              Tmut/Erth      80%        N/A       0%          2
g - Necromutation         Tmut/Necr      55%        N/A       1%          8
h - Apportation           Tloc           100%       N/A       1%          1
i - Maxwell's Capacitive  Air            53%        ∞         3%          8
j - Infestation           Necr           54%        N/A       2%          8
k - Dispel Undead         Necr           100%       3d31      0%          4
l - Ozocubu's Refrigerat  Ice            48%        4d18      2%          7

Your spell library contained the following spells:

 Spells                   Type           Power      Damage    Failure   Level
 Freeze                   Ice            100%       1d10      0%          1
 Kiss of Death            Conj/Necr      100%       2d13      0%          1
 Necrotise                Necr           100%       1d9       0%          1
 Slow                     Hex            100%       N/A       0%          1
 Sting                    Tmut/Pois      100%       1d8       0%          1
 Cigotuvi's Dreadful Rot  Necr/Pois/Air  100%       N/A       0%          2
 Ensorcelled Hibernation  Hex/Ice        100%       N/A       0%          2
 Sublimation of Blood     Necr           100%       N/A       0%          2
 Wereblood                Tmut           100%       N/A       0%          2
 Confusing Touch          Hex            94%        N/A       0%          3
 Ignite Poison            Fire/Tmut/Pois 100%       N/A       0%          3
 Inner Flame              Hex/Fire       100%       N/A       0%          3
 Ozocubu's Armour         Ice            96%        N/A       0%          3
 Tukima's Dance           Hex            94%        N/A       0%          3
 Volatile Blastmotes      Fire/Tloc      100%       2d18      0%          3
 Anguish                  Hex/Necr       50%        N/A       0%          4
 Animate Dead             Necr           100%       N/A       0%          4
 Ice Form                 Ice/Tmut       100%       N/A       0%          4
 Agony                    Necr           100%       N/A       0%          5
 Blade Hands              Tmut           56%        N/A       0%          5
 Plasma Beam              Fire/Air       57%        2x1d72    0%          6
 Magic Dart               Conj           100%       1d8       1%          1
 Sandblast                Erth           100%       2d20      1%          1
 Shock                    Conj/Air       100%       1d9       1%          1
 Summon Small Mammal      Summ           100%       N/A       1%          1
 Lesser Beckoning         Tloc           100%       N/A       1%          2
 Momentum Strike          Conj/Tloc      100%       3d10      1%          2
 Searing Ray              Conj           90%        2d7       1%          2
 Static Discharge         Conj/Air       100%       2-7/arc   1%          2
 Dazzling Flash           Conj/Hex       100%       N/A       1%          3
 Gell's Gravitas          Tloc           64%        N/A       1%          3
 Hailstorm                Conj/Ice       76%        3d16      1%          3
 Portal Projectile        Hex/Tloc       100%       N/A       1%          3
 Spider Form              Tmut/Pois      87%        N/A       1%          3
 Stone Arrow              Conj/Erth      100%       3d13      1%          3
 Summon Guardian Golem    Hex/Summ       74%        N/A       1%          3
 Teleport Other           Tloc           64%        N/A       1%          3
 Vhi's Electric Charge    Tloc/Air       100%       N/A       1%          3
 Animate Armour           Summ/Erth      100%       N/A       1%          4
 Cause Fear               Hex            47%        N/A       1%          4
 Flame Wave               Conj/Fire      93%        2d20      1%          4
 Fulminant Prism          Conj/Hex       37%        3d17      1%          4
 Leda's Liquefaction      Hex/Erth       43%        N/A       1%          4
 Manifold Assault         Tloc           64%        N/A       1%          4
 Petrify                  Tmut/Erth      97%        N/A       1%          4
 Sticky Flame             Conj/Fire      93%        2d10      1%          4
 Summon Ice Beast         Ice/Summ       76%        N/A       1%          4
 Summon Lightning Spire   Summ/Air       82%        N/A       1%          4
 Alistair's Intoxication  Tmut/Pois      58%        N/A       1%          5
 Arcjolt                  Conj/Air       41%        1d51      1%          5
 Fireball                 Conj/Fire      46%        3d18      1%          5
 Freezing Cloud           Conj/Ice/Air   43%        6-21      1%          5
 Irradiate                Conj/Tmut      43%        3d26      1%          5
 Lee's Rapid Deconstruct  Erth           38%        3d19*     1%          5
 Metabolic Englaciation   Hex/Ice        47%        N/A       1%          5
 Summon Mana Viper        Hex/Summ       74%        N/A       1%          5
 Yara's Violent Unravell  Hex/Tmut       52%        3d20      1%          5
 Death Channel            Necr           54%        N/A       1%          6
 Eringya's Noxious Bog    Tmut/Pois      43%        N/A       1%          6
 Simulacrum               Ice/Necr       51%        N/A       1%          6
 Starburst                Conj/Fire      46%        6d13      1%          6
 Statue Form              Tmut/Erth      64%        N/A       1%          6
 Storm Form               Tmut/Air       54%        N/A       1%          7
 Call Canine Familiar     Summ           45%        N/A       2%          3
 Borgnjor's Revivificati  Necr           54%        N/A       2%          8
 Iskenderun's Mystic Bla  Conj/Tloc      56%        2d12      3%          4
 Conjure Ball Lightning   Conj/Air       41%        3x3d13    3%          6
 Olgreb's Toxic Radiance  Pois           45%        N/A       9%          4
 Summon Forest            Summ/Tloc      28%        N/A       10%         5
 Haunt                    Necr/Summ      42%        N/A       14%         7
 Dispersal                Tloc           32%        N/A       24%         6
 Discord                  Hex            47%        N/A       26%         8
 Leda's Unmaking          Conj/Erth      31%        9d6       28%         6
 Death's Door             Necr           54%        N/A       34%         9
 Summon Cactus Giant      Summ           22%        N/A       77%         6
 Polar Vortex             Ice            48%        N/A       95%         9
 Monstrous Menagerie      Summ           22%        N/A       100%        7
 Orb of Destruction       Conj           22%        9d8       100%        7
 Spellforged Servitor     Conj/Summ      22%        N/A       100%        7
 Summon Hydra             Summ           22%        N/A       100%        7
 Disjunction              Tloc           32%        N/A       100%        8


Dungeon Overview and Level Annotations

Branches:
Dungeon (15/15)            Temple (1/1) D:5            Lair (5/5) D:8
 Shoals (4/4) Lair:2        Snake (4/4) Lair:3        Slime (5/5) Lair:5
    Orc (2/2) D:9             Elf (3/3) Orc:2        Vaults (5/5) D:14
  Crypt (3/3) Vaults:3       Tomb (3/3) Crypt:3      Depths (4/4) D:15
   Hell (visited)             Dis (7/7) Hell            Geh (7/7) Hell
    Coc (7/7) Hell            Tar (7/7) Hell            Zot (5/5) Depths:4
  IceCv (visited)         Volcano (visited)         Desolation (visited)

Altars:
Ashenzari
Cheibriados
Dithmenos
Elyvilon
Fedhas
Gozag
Hepliaklqana
Kikubaaqudgha
Makhleb
Nemelex Xobeh
Okawaru
Qazlal
Ru
Sif Muna
Trog
Uskayaw
Vehumet
Wu Jian
Xom
Yredelemnul
Zin
The Shining One
Jiyva
Lugonu

Shops:
D:3 ?   D:6 !   D:8 *   Orc:2 [([[   Shoals:4 :   Snake:2 [:   Snake:3 :
Vaults:1 =   Depths:3 ==:   Depths:4 ?*

Portals:
Hell: Depths:1 Depths:2 Depths:3 Depths:4
Abyss: Depths:2 Depths:3
Pandemonium: Depths:2

Annotations:
Shoals:4 6 transporters
Elf:2 5 runed translucent doors
Depths:4 exclusion: 3 doors


Innate Abilities, Weirdness & Mutations

You are amphibious.
You cover ground slowly.
You can hop long distances.
You have an extended range of vision and can be seen from far away.
You have sharp toenails.
You are agile. (Dex +4, Str/Int -1)
Your flesh is cold resistant. (rC+)
You passively dampen the noise of your surroundings.


Message History

Confirm with . or Enter, or press ? or * to list all spells.
You begin accumulating electric charge. (Press . to continue charging.)
You feel charge building up... The hellion gestures at you.
The sphere of damnation explodes!
The damnation engulfs you!!
You feel charge building up...
You feel charge building up...
Unknown command.
The electricity discharges through the hellion!!!
The hellion vaporises in an electric haze!
You kill the hellion!
Cheibriados appreciates the change of pace.
Unknown command.
There is a stone staircase leading up here.
You climb upwards.
There is a stone staircase leading down here.
A reaper comes into view. It is wielding a +2 heavy scythe.
There is an open door here.
You reach to attack!
You hit the reaper. You burn the reaper.
The reaper is lightly wounded.
The reaper misses you.
You reach to attack!
You chop the reaper into pieces!!! You burn the reaper!
The reaper is almost dead.
Your transformation is almost over.
You reach to attack!
You hit the reaper but do no damage.
The reaper is almost dead.
The reaper hits you from afar with a +2 heavy scythe.
Unknown command.
You reach to attack!
You carve the reaper like a ham!!! You burn the reaper.
You kill the reaper!
Cheibriados appreciates the change of pace.
Unknown command.
Aiming: Dig
Press: ? - help, Shift-Dir - straight line This square is covered in magical glow.
The rock shatters into small pieces.
You feel yourself come back to life.
There is a staircase leading out of the dungeon here.
You have escaped!

#'## ...........##### )..##
##.......#.....##### ....##
#########.....'.... .....##
####♣.####.....##### ...#..##
####..♣.♣.#.......#
#####..####...#♣.♣##..#.....#
#.#.##..####..♣##.#.....#
#####..#.#.## ♣..♣ #.#.....#
....##.##..# ♣@♣# #.#.....#
....##..#..# #♣# #.#.....#
....###...###########.#.....#
....# #...............#.#####
....# #.#.....#########.#
#######'#####..###### #.#
#......###......###.####
#......# ######........#
#......# #####>...#


There were no monsters in sight!

Vanquished Creatures
  Cerebov (Pan)
  6 pandemonium lords
  Antaeus (Coc:7)
  Asmodeus (Geh:7)
  Dissolution (Slime:3)
  Ereshkigal (Tar:7)
  Mnoleg (Pan)
  the Serpent of Hell (Tar:7)
  Lom Lobon (Pan)
  10 dread liches
  Dispater (Dis:7)
  2 juggernauts (Dis:7)
  7 orbs of fire
  Mara (Vaults:3)
  6 ancient liches
  30 royal mummies
  Sojobo (Vaults:3)
  Boris (thrice) (Vaults:5 Crypt:2 Zot:5)
  Josephina (Depths:2)
  19 shard shrikes
  Margery (Vaults:3)
  6 Killer Klowns
  Saint Roka (Vaults:1)
  Geryon (Hell)
  13 caustic shrikes
  7 curse toes
  11 golden dragons
  Jory (Crypt:1)
  11 bone dragons
  9 profane servitors
  Nikola (Shoals:2)
  3 electric golems
  The ghost of Duohi the Black Belt, a veteran OpTm of Gozag (Vaults:1)
  14 Tzitzimimeh
  15 doom hounds
  4 iron giants
  14 Brimstone Fiends
  21 Ice Fiends
  A shard shrike skeleton (Crypt:2)
  19 hellephants
  15 tentacled monstrosities
  13 Hell Sentinels
  3 deep elf master archers (Elf:3)
  30 Orb Guardians
  9 tainted leviathans
  Asterion (Elf:1)
  3 deep elf blademasters (Elf:3)
  6 liches
  9 titans
  19 acid blobs
  19 ancient champions
  20 searing wretches
  An eldritch tentacle (Zot:5)
  6 quicksilver dragons
  2 tentacled starspawn (Abyss:3)
  7 death cobs
  13 Executioners (Pan)
  2 krakens
  8 shadow dragons
  6 sphinxes
  6 tengu reavers
  3 nagarajas
  10 draconian monks
  9 storm dragons
  6 revenants
  23 narguns
  23 azure jellies
  6 draconian knights
  5 demonspawn warmongers (Pan)
  5 deep elf sorcerers (Elf:3)
  11 rockslimes
  9 quicksilver elementals
  27 fire giants
  22 frost giants
  17 vault wardens
  7 shard shrike simulacra
  3 imperial myrmidons (Desolation)
  10 iron dragons
  5 curse skulls
  An orc warlord (Vaults:1)
  7 draconian scorchers
  31 balrugs
  A caustic shrike zombie (Crypt:1)
  6 deep elf elementalists
  2 spectral caustic shrikes
  4 draconian stormcallers
  12 draconian shifters
  6 spriggan defenders
  13 quicksilver oozes
  3 ghost moths
  4 demonspawn blood saints (Pan)
  22 ironbound preservers
  10 cacodemons (Pan)
  16 very ugly things
  9 ghouls (Crypt:3)
  29 war gargoyles
  15 draconian annihilators
  8 demonspawn corrupters (Pan)
  14 stone giants
  14 reapers
  10 ironbound thunderhulks
  15 formless jellyfish
  A vampire knight (Vaults:3)
  3 demonspawn black suns (Pan)
  A juggernaut skeleton (Depths:1)
  11 deep elf annihilators
  18 elemental wellsprings
  6 lorocyprocas
  11 green draconians
  5 deep elf demonologists
  6 white draconians
  2 eleionomae (shapeshifter) (Zig:8)
  A spark wasp (Depths:2)
  7 red draconians
  16 putrid mouths
  10 yellow draconians
  5 bennus
  14 black draconians
  4 halazid warlocks (Desolation)
  13 purple draconians
  14 dire elephants
  9 iron golems
  10 eidola
  16 wendigos
  4 crystal guardians
  10 blizzard demons
  7 green deaths
  The ghost of Gargoyl the Cleaver, a journeyman GrBe of Trog (Lair:2)
  Snorg (D:12)
  12 ettins
  6 ragged hierophants (Desolation)
  23 yaktaur captains
  4 jiangshi
  13 mummy priests
  2 spectral quicksilver dragons
  11 fire dragons
  8 merfolk impalers
  12 deep elf death magi
  4 merfolk javelineers
  Harold (D:10)
  A shambling mangrove (Zig:9)
  10 deep elf high priests
  8 caustic shrike simulacra
  9 great orbs of eyes
  3 rakshasas
  A spriggan zombie (Crypt:3)
  7 ice dragons
  5 entropy weavers
  3 servants of whispers (Desolation)
  9 hydras
  3 spectral spriggans
  32 vault guards
  2 hell beasts
  Erolcha (D:11)
  15 peacekeepers
  A quicksilver dragon skeleton (Crypt:1)
  14 salamander tyrants
  7 spriggan air magi
  8 centaur warriors
  6 juggernaut simulacra
  3 ogre magi (Vaults:5)
  2 spriggan skeletons
  Erica (D:8)
  2 alligator snapping turtles
  7 boulder beetles
  A fenstrider witch skeleton (Crypt:1)
  6 merfolk avatars
  11 anacondas
  An alligator (Zig:2)
  A fenstrider witch zombie (Crypt:3)
  4 satyrs
  A ghost crab (Zig:2)
  A spectral stone giant (Tar:1)
  7 ironbound frosthearts
  12 dancing weapons
  6 merfolk aquamancers
  7 stokers
  7 death knights
  7 two-headed ogres
  6 tengu warriors
  29 hell hogs
  4 deep troll shamans
  9 death yaks (Lair:2)
  36 death scarabs
  6 demonic crawlers (Pan)
  The ghost of GordonOverkill the Slicer, a journeyman SpBe of Trog (D:9)
  11 naga warriors
  A thrashing horror (Abyss:3)
  3 spectral nagas
  A titan zombie (Hell)
  5 vampire magi
  A spriggan berserker (Depths:2)
  6 holy swine (Pan)
  3 deep troll earth magi
  Nergalle (Orc:1)
  11 orc high priests
  11 naga sharpshooters
  A shock serpent (shapeshifter) (Depths:1)
  5 shock serpents
  26 sun demons
  Sonja (D:13)
  22 soul eaters
  18 hell knights
  10 deep elf knights
  6 crystal echidnas
  7 skysharks
  A bunyip zombie (Crypt:3)
  10 salamander mystics
  13 sixfirhies
  14 shadow wraiths
  59 deep trolls
  7 iron trolls
  2 wretched stars
  A goliath frog (Zig:9)
  29 skeletal warriors
  3 spriggan druids
  A spriggan rider (Zig:9)
  13 sea snakes
  A spectral bunyip (Tar:1)
  5 quicksilver dragon simulacra
  4 naga ritualists
  An anaconda zombie (Crypt:1)
  14 shadow demons
  A deep troll (shapeshifter) (Elf:2)
  7 flayed ghosts
  6 bog bodies
  16 large abominations
  3 swamp dragons
  3 kraken simulacra (Coc:7)
  2 obsidian statues (IceCv)
  26 harpies
  16 deep elf archers
  A spectral hydra (Tar:5)
  10 wizards
  Pikel (D:7)
  8 glowing orange brains
  An anaconda skeleton (Tomb:1)
  17 ironbound convokers
  13 orc knights
  14 phantasmal warriors
  9 lindwurms
  10 necromancers
  23 deep elf pyromancers
  2 wolf spiders (Crypt:3)
  6 orc sorcerers
  A mana viper (shapeshifter) (Zig:8)
  A fire giant zombie (Depths:1)
  2 shining eyes
  16 mana vipers
  8 cyclopes
  12 manticores
  9 fauns
  A shining eye (shapeshifter) (Vaults:4)
  18 deep elf zephyrmancers
  A centaur zombie (Crypt:3)
  39 salamanders
  37 ugly things
  20 moths of wrath
  18 elephants
  An iron dragon skeleton (Pan)
  50 black mambas
  A formless jellyfish zombie (Crypt:2)
  A stone giant skeleton (Depths:1)
  Maurice (D:10)
  2 rust devils (Depths:2)
  10 guardian serpents
  17 vault sentinels
  A worldbinder (Abyss:3)
  12 merfolk sirens
  An eye of devastation (Slime:3)
  10 naga magi
  14 orange demons
  9 water nymphs
  10 apocalypse crabs
  20 smoke demons
  A spectral centaur (Tar:1)
  3 ice statues
  6 molten gargoyles (Geh:7)
  5 gargoyles
  A centaur skeleton (Tomb:3)
  4 torpor snails
  13 cane toads
  5 titan simulacra
  A white draconian zombie (Crypt:1)
  Psyche (D:8)
  A naga skeleton (Pan)
  27 hellions
  An unseen horror (D:11)
  A komodo dragon (shapeshifter) (Vaults:5)
  20 freezing wraiths
  4 efreet
  5 rime drakes
  27 tormentors
  38 yaktaurs
  23 komodo dragons
  A yellow draconian skeleton (Crypt:2)
  2 spark wasp simulacra (Depths:2)
  2 kobold demonologists
  9 ice devils
  An alligator snapping turtle skeleton (Tomb:3)
  3 golden dragon simulacra
  4 spectral harpies
  5 ancient zymes
  5 tengu conjurers
  4 hydra zombies (Hell)
  45 guardian mummies
  7 anaconda simulacra
  5 wind drakes
  3 harpy zombies (Crypt:3)
  A merfolk (shapeshifter) (Vaults:5)
  2 red devils
  A spectral two-headed ogre (Tar:1)
  A sea snake skeleton (Hell)
  A shadow dragon simulacrum (Coc:1)
  An iron giant simulacrum (Coc:3)
  17 blink frogs
  An ice dragon zombie (Crypt:2)
  7 trolls
  14 hellwings
  31 merfolk
  40 saltlings (Desolation)
  A polar bear (Lair:4)
  An iron dragon simulacrum (Depths:2)
  An ettin zombie (Crypt:3)
  4 hornets
  14 dream sheep
  A meliai zombie (Crypt:1)
  An air elemental (Elf:3)
  An alligator zombie (Hell)
  A raiju (shapeshifter) (Elf:1)
  A dream sheep (shapeshifter) (Zig:5)
  7 snapping turtles
  2 stone giant simulacra
  2 jumping spiders (Crypt:3)
  A black mamba zombie (Crypt:3)
  An ettin skeleton (Pan)
  A centaur simulacrum (Coc:1)
  18 flying skulls
  2 naga simulacra (Coc:7)
  15 wraiths
  2 alligator skeletons (Hell)
  127 slime creatures
  A slime creature (shapeshifter) (Vaults:5)
  24 spriggans
  10 wyverns
  35 yaks
  16 ynoxinuls (Pan)
  2 shadows
  A spriggan (shapeshifter) (D:15)
  5 dire elephant simulacra
  26 water elementals
  13 ushabtiu
  6 vampires
  3 fire elementals
  14 fire bats
  Grum (D:8)
  9 basilisks
  9 spriggan simulacra
  5 golden eyes
  2 humans (D:8)
  5 steam dragons
  3 redbacks (shapeshifter)
  14 vampire mosquitoes
  A sea snake simulacrum (Hell)
  11 starcursed masses
  14 chaos spawn
  3 redbacks (Crypt:3)
  4 wargs
  9 neqoxecs
  Menkaure (D:7)
  7 naga zombies
  A minotaur simulacrum (IceCv)
  16 harpy simulacra
  39 nagas
  5 acid dragons
  24 water moccasins
  A floating eye (Depths:1)
  6 hydra simulacra
  3 swamp drakes (Lair:5)
  3 hell hounds (Depths:2)
  34 orc warriors
  An ice beast (D:7)
  A sky beast (D:6)
  4 black bears
  A hornet zombie (Crypt:2)
  4 ettin simulacra
  10 ogres
  6 centaurs
  9 wolves
  2 lindwurm skeletons
  A phantom (Crypt:3)
  An elf zombie (Crypt:2)
  Blork the orc (D:4)
  6 kobold brigands
  11 bullfrogs
  12 necrophages (Crypt:3)
  A scorpion (D:4)
  A gnoll sergeant (D:10)
  5 earth elementals
  A water moccasin zombie (Crypt:1)
  5 wights (D:9)
  7 wyvern skeletons (Crypt:3)
  7 killer bees
  2 lindwurm simulacra (IceCv)
  4 howler monkeys
  5 electric eels
  4 crimson imps (Pan)
  6 hounds
  18 orc priests
  2 jellies
  A gnoll bouda (Temple)
  5 iguanas
  A sleepcap (D:5)
  26 orc wizards
  An ice beast zombie (Crypt:2)
  31 mummies
  Robin (D:2)
  5 adders
  9 gnolls
  A steam dragon skeleton (Crypt:1)
  3 white imps
  4 ufetubi
  2 worms (D:2)
  A dart slug (D:1)
  66 orcs
  4 endoplasms
  5 giant cockroaches
  12 goblins
  8 hobgoblins
  2 jackals (D:4)
  2 quokkas
  3 ball pythons
  2 bats
  8 frilled lizards
  17 kobolds
  5 rats
  A rat skeleton (Crypt:2)
  6 creeping infernos
  36 fire vortices
  A lurking horror (Abyss:3)
  3 starspawn tentacles (Abyss:3)
  5 tentacles
3796 creatures vanquished.

Vanquished Creatures (collateral kills)
  An ancient lich (Zig:6)
  5 royal mummies
  Frederick (Vaults:4)
  A caustic shrike (Zig:11)
  A pandemonium lord (Pan)
  An iron giant (Zig:11)
  A Brimstone Fiend (Pan)
  A tentacled monstrosity (Pan)
  A lich (Tomb:1)
  A titan (Pan)
  A deep elf master archer (Zig:10)
  An ancient champion (Tomb:3)
  7 Executioners (Pan)
  4 sphinxes
  An eldritch tentacle (Tomb:3)
  A demonspawn warmonger (Pan)
  A revenant (Tomb:2)
  2 quicksilver elementals (Dis:5)
  13 cacodemons (Pan)
  2 curse skulls (Pan)
  3 balrugs (Pan)
  4 reapers (Pan)
  A ghoul (Zig:9)
  A demonspawn corrupter (Pan)
  A caustic shrike skeleton (Pan)
  A stone giant (Zig:10)
  A demonspawn blood saint (Pan)
  A draconian annihilator (Pan)
  A war gargoyle (Zig:6)
  5 bennus (Tomb:3)
  A green draconian (Zot:1)
  4 demonspawn black suns (Pan)
  2 blizzard demons (Pan)
  5 mummy priests
  4 green deaths (Pan)
  2 rakshasas (Pan)
  2 hell beasts (Pan)
  A spriggan skeleton (Pan)
  A hydra (Zig:9)
  A centaur warrior (Zig:10)
  8 death scarabs
  An orc high priest (Zig:7)
  A hell hog (Geh:4)
  4 demonic crawlers (Pan)
  4 soul eaters (Pan)
  A naga sharpshooter (Zig:10)
  A crystal echidna (Zig:11)
  16 sun demons (Pan)
  15 large abominations (Pan)
  A spriggan (Zig:9)
  11 sixfirhies (Pan)
  An iron troll (Zig:7)
  A death drake (shapeshifter) (Zig:6)
  A skeletal warrior (Tomb:3)
  A glowing orange brain (Pan)
  A shadow demon (Pan)
  A bog body (Zig:9)
  A swamp dragon (Zig:9)
  A necromancer (Vaults:3)
  An anaconda skeleton (Tomb:1)
  A cyclops (Zig:10)
  A dire elephant zombie (Tomb:3)
  15 orange demons (Pan)
  19 smoke demons (Pan)
  2 hellions (Pan)
  2 tormentors (Pan)
  2 ice devils (Pan)
  15 guardian mummies
  3 hellwings (Pan)
  A red devil (Pan)
  A hornet (Zig:9)
  A harpy skeleton (Tomb:2)
  5 flying skulls (Tomb:3)
  4 ynoxinuls (Pan)
  2 yaks (D:11)
  4 ushabtiu
  11 neqoxecs (Pan)
  9 chaos spawn (Pan)
  3 crimson imps (Pan)
  2 orc wizards
  9 mummies
  5 fire vortices (Zig:8)
278 creatures vanquished.

Vanquished Creatures (others)
  A pandemonium lord (Zig:8)
  A sphinx (Vaults:5)
  An eldritch tentacle (Pan)
  A tengu reaver (Vaults:3)
  2 fire giants
  A shard shrike simulacrum (Coc:3)
  A draconian shifter (Zot:5)
  A black draconian (Zot:5)
  A deep elf annihilator (Pan)
  A green death (Pan)
  A juggernaut simulacrum (Coc:7)
  2 stokers
  A hell knight (Depths:2)
  2 deep elf knights
  A sixfirhy (Pan)
  An ironbound convoker (Vaults:5)
  2 deep elf zephyrmancers
  An ugly thing (D:14)
  An apocalypse crab (Zig:8)
  A water nymph (Shoals:2)
  2 smoke demons (Pan)
  A hellwing (Pan)
  A saltling (Desolation)
  A ynoxinul (Pan)
  A chaos spawn (Pan)
  A naga (Snake:2)
  An electric eel (D:15)
  A ball lightning (Pan)
  A creeping inferno (Geh:6)
  5 fire vortices (Zig:8)
  A starspawn tentacle (Abyss:3)
  16 tentacles
56 creatures vanquished.

Grand Total: 4130 creatures vanquished

Notes
Turn   | Place    | Note
-------+----------+-------------------------------------------
     0 | D:1      | tensugalgo the Barachi Monk began the quest for the Orb.
     0 | D:1      | Reached XP level 1. HP: 18/18 MP: 1/1
   150 | D:1      | Reached XP level 2. HP: 25/25 MP: 2/2
   305 | D:1      | Found a faded altar of an unknown god.
   458 | D:1      | You fall into a shaft and drop 1 floor!
   462 | D:2      | Reached skill level 1 in Armour
   697 | D:2      | Reached XP level 3. HP: 23/30 MP: 4/4
   697 | D:2      | Noticed Robin
   701 | D:2      | Reached skill level 1 in Spellcasting
   766 | D:2      | Learned a level 3 spell: Frozen Ramparts
   899 | D:2      | Killed Robin
  1294 | D:2      | Reached XP level 4. HP: 34/37 MP: 5/5
  1728 | D:3      | Reached skill level 1 in Ice Magic
  2127 | D:3      | Found Vehopnat's Magic Scroll Shoppe.
  2743 | D:4      | Found a blossoming altar of Fedhas.
  2925 | D:4      | Reached XP level 5. HP: 26/43 MP: 7/7
  2962 | D:4      | Found a shimmering altar of Xom.
  2966 | D:4      | Found a shimmering altar of Xom.
  2968 | D:4      | Found a shimmering altar of Xom.
  3099 | D:4      | Noticed Blork the orc
  3121 | D:4      | Killed Blork the orc
  3280 | D:4      | Reached XP level 6. HP: 48/50 MP: 9/9
  3312 | D:4      | Found a basalt altar of Yredelemnul.
  3711 | D:5      | Entered Level 5 of the Dungeon
  3716 | D:5      | Found a staircase to the Ecumenical Temple.
  3742 | D:5      | Noticed a black bear
  3817 | D:5      | Reached skill level 5 in Fighting
  3832 | D:5      | Noticed a black bear
  3841 | Temple   | Entered the Ecumenical Temple
  4059 | D:5      | Killed a black bear
  4060 | D:5      | Reached XP level 7. HP: 10/56 MP: 1/11
  4062 | D:5      | HP: 1/56 [black bear (2)]
  4074 | D:5      | Reached skill level 5 in Dodging
  4355 | D:5      | Reached XP level 8. HP: 59/64 MP: 9/13
  4505 | D:5      | Found a sparkling altar of Nemelex Xobeh.
  4823 | D:5      | Found a glowing golden altar of the Shining One.
  5319 | D:6      | Found Uxkaxzit's Distillery.
  5362 | D:6      | Reached skill level 5 in Ice Magic
  5479 | D:6      | Identified the +1 mace of Departure {chaos, rElec rF+}
  5760 | D:6      | Learned a level 2 spell: Blink
  5936 | D:7      | Reached skill level 1 in Translocations
  5956 | D:7      | Noticed Menkaure
  5976 | D:7      | Killed Menkaure
  6071 | D:7      | Found an ornate altar of the Wu Jian Council.
  6100 | D:7      | Reached skill level 5 in Spellcasting
  6165 | D:7      | Noticed Pikel
  6179 | D:7      | Killed Pikel
  6180 | D:7      | Reached XP level 9. HP: 58/74 MP: 10/16
  6754 | D:8      | Found Paeboc's Changing Room.
  6756 | D:8      | Noticed Grum
  6759 | D:8      | Noticed Psyche
  6833 | D:8      | Found a broken altar of Ashenzari.
  6961 | D:8      | Noticed a komodo dragon
  6961 | D:8      | Noticed Erica
  7000 | D:8      | Killed Erica
  7001 | D:8      | Reached XP level 10. HP: 62/83 MP: 15/17
  7161 | D:8      | Noticed a manticore
  7183 | D:8      | Killed a manticore
  7184 | D:8      | Reached skill level 10 in Fighting
  7320 | D:8      | Killed Psyche
  7369 | D:8      | Found an iron altar of Okawaru.
  7412 | D:8      | Killed Grum
  7517 | D:8      | Identified the +12 glaive of the Grinning Badger {flame,
                  | Contam rPois rC+ rCorr}
  7574 | D:8      | Found a staircase to the Lair.
  8248 | D:9      | Found a staircase to the Orcish Mines.
  8279 | D:9      | Reached skill level 1 in Polearms
  8294 | D:9      | Found a stormy altar of Qazlal.
  8386 | D:9      | Reached skill level 10 in Ice Magic
  8405 | D:9      | Found a runed translucent gate.
  8405 | D:9      | Found a runed translucent gate.
  8405 | D:9      | Found a runed translucent gate.
  8406 | D:9      | Noticed GordonOverkill's ghost (journeyman SpBe)
  8433 | D:9      | Reached skill level 10 in Dodging
  8463 | D:9      | Reached XP level 11. HP: 79/93 MP: 14/18
  8525 | D:9      | Noticed a purple ugly thing
  8531 | D:9      | Killed a purple ugly thing
  8752 | D:10     | Entered Level 10 of the Dungeon
  8755 | D:10     | Noticed Maurice
  8767 | D:10     | Killed Maurice
  8958 | D:10     | Found a radiant altar of Vehumet.
  9091 | D:10     | Found a snail-covered altar of Cheibriados.
  9098 | D:10     | Noticed Harold
  9207 | D:10     | Became a worshipper of Cheibriados the Contemplative
  9207 | D:10     | Reached * piety under Cheibriados
  9207 | D:10     | Reached ** piety under Cheibriados
  9313 | D:10     | Noticed a two-headed ogre
  9322 | D:10     | Killed a two-headed ogre
  9650 | D:10     | Identified the +3 scale mail of Tuinaful {Fly Dex+5}
  9706 | D:11     | Noticed a two-headed ogre
  9712 | D:10     | Killed a two-headed ogre
  9713 | D:10     | Reached skill level 5 in Polearms
  9771 | D:10     | Killed Harold
  9772 | D:10     | Reached skill level 1 in Earth Magic
  9789 | D:11     | Noticed a manticore
  9944 | Lair:1   | Entered Level 1 of the Lair of Beasts
 10001 | Lair:1   | Reached *** piety under Cheibriados
 10047 | Lair:1   | Reached XP level 12. HP: 81/102 MP: 14/19
 10973 | Lair:2   | Reached **** piety under Cheibriados
 10995 | Lair:2   | Noticed an eight-headed hydra
 11047 | Lair:2   | Killed a five-headed hydra
 11131 | Lair:2   | Noticed a boulder beetle
 11135 | Lair:2   | Noticed Gargoyl's ghost (journeyman GrBe)
 11141 | Lair:2   | Found a runed translucent gate.
 11141 | Lair:2   | Found a runed translucent gate.
 11141 | Lair:2   | Found a runed translucent gate.
 11200 | Lair:2   | Noticed a death yak
 11200 | Lair:2   | Noticed a death yak
 11202 | Lair:2   | Noticed a death yak
 11202 | Lair:2   | Noticed a death yak
 11203 | Lair:2   | Noticed a death yak
 11208 | Lair:2   | Killed a death yak
 11208 | Lair:2   | Noticed a death yak
 11210 | Lair:2   | Killed a death yak
 11219 | Lair:2   | Killed a death yak
 11220 | Lair:2   | Killed a death yak
 11222 | Lair:2   | Reached skill level 5 in Earth Magic
 11223 | Lair:2   | Killed a death yak
 11226 | Lair:2   | Killed a death yak
 11227 | Lair:2   | Gained mutation: You can hop long distances. [Barachi
                  | growth]
 11227 | Lair:2   | Reached XP level 13. HP: 70/111 MP: 17/20
 11365 | Lair:2   | Reached skill level 1 in Invocations
 11365 | Lair:2   | Reached skill level 1 in Evocations
 11475 | Lair:2   | Found a staircase to the Shoals.
 11518 | Lair:2   | Identified the +3 scale mail of the Mind {rC+}
 11990 | Lair:3   | Reached skill level 10 in Polearms
 12158 | Lair:3   | Reached ***** piety under Cheibriados
 12248 | Lair:3   | Found a staircase to the Snake Pit.
 12480 | Lair:3   | Reached skill level 5 in Armour
 12611 | Lair:3   | Found a snail-covered altar of Cheibriados.
 13095 | Lair:4   | Reached XP level 14. HP: 119/119 MP: 17/21
 13180 | Lair:4   | Found a dark tunnel.
 13187 | Volcano  | Entered a volcano
 13403 | Volcano  | Reached ****** piety under Cheibriados
 13998 | Lair:4   | Reached skill level 5 in Evocations
 14616 | Lair:4   | Learned a level 7 spell: Enfeeble
 14625 | Lair:4   | Learned a level 8 spell: Ignition
 14627 | Lair:5   | Entered Level 5 of the Lair of Beasts
 14781 | Lair:5   | Reached skill level 1 in Fire Magic
 15054 | Lair:5   | Found a staircase to the Slime Pits.
 15055 | Lair:5   | Found a viscous altar of Jiyva.
 16073 | Orc:1    | Entered Level 1 of the Orcish Mines
 16094 | Orc:1    | Noticed Nergalle
 16098 | Orc:1    | Killed Nergalle
 16099 | Orc:1    | Reached XP level 15. HP: 127/127 MP: 17/22
 16223 | Orc:2    | Entered Level 2 of the Orcish Mines
 16403 | Orc:2    | Found a staircase to the Elven Halls.
 16728 | Orc:2    | Paralysed by an orc sorcerer for 5 turns
 16780 | Orc:2    | Reached skill level 5 in Invocations
 16965 | Orc:2    | Found Ziagg's Antique Armour Boutique.
 16990 | Orc:2    | Found Owet's Armour Shoppe.
 17008 | Orc:2    | Found Pakeph's Armour Boutique.
 17010 | Orc:2    | Found Fobbyddu's Antique Weapon Shoppe.
 17084 | Orc:2    | Found a shimmering blue altar of Sif Muna.
 17101 | Orc:2    | Got Sif Muna's Catalogue of Bad Luck
 17131 | Orc:2    | Found Hauv Rif's Armour Boutique.
 17354 | Orc:2    | Bought an encrusted helmet for 256 gold pieces
 17354 | Orc:2    | Identified the +0 helmet of Free Expression {Regen+ Stlth+}
                  | (You bought it in a shop on level 2 of the Orcish Mines)
 18017 | D:11     | Noticed Erolcha
 18026 | D:11     | Killed Erolcha
 18032 | D:11     | Reached skill level 5 in Fire Magic
 18262 | D:11     | Identified the +10 chain mail "Togarch" {rF- Will+ Int+3}
 18407 | D:12     | Noticed Snorg
 18412 | D:12     | Killed Snorg
 18428 | D:12     | Reached skill level 15 in Fighting
 18934 | D:12     | Found an ornate altar of the Wu Jian Council.
 19570 | D:13     | Noticed Sonja
 19573 | D:13     | Killed Sonja
 20278 | D:14     | Reached XP level 16. HP: 136/136 MP: 17/23
 20895 | D:14     | Found a gate to the Vaults.
 20900 | D:14     | Identified the +10 great sword "Recves" {speed, MP+9}
 21094 | D:15     | Entered Level 15 of the Dungeon
 21111 | D:15     | Identified the +8 war axe of Discord {heavy, Fly}
 21492 | D:15     | Identified the +0 scale mail "Qaxeumi" {Regen+ Stlth+}
 21815 | D:15     | Found a sparkling altar of Nemelex Xobeh.
 21912 | D:15     | Learned a level 4 spell: Passage of Golubria
 22158 | Snake:1  | Entered Level 1 of the Snake Pit
 23765 | Snake:2  | Reached XP level 17. HP: 144/144 MP: 6/25
 24216 | Snake:2  | Found Desaczig's Armour Shoppe.
 24344 | Snake:2  | Found Nenoaw's Book Boutique.
 24401 | Snake:3  | Found Xulanesh's Self-Improvement Boutique.
 24416 | Snake:3  | Reached skill level 10 in Armour
 24526 | Snake:3  | Learned a level 2 spell: Passwall
 24561 | Snake:3  | Found an opulent altar of Gozag.
 25170 | Snake:4  | Entered Level 4 of the Snake Pit
 25306 | Snake:4  | Reached skill level 10 in Fire Magic
 25414 | Snake:4  | Found a frozen archway.
 25436 | IceCv    | Entered an ice cave
 25958 | IceCv    | Noticed an Ice Fiend
 25962 | IceCv    | Killed an Ice Fiend
 25963 | IceCv    | Reached skill level 15 in Dodging
 26173 | Snake:4  | Reached skill level 15 in Polearms
 26359 | Snake:4  | Identified the +6 long sword of Defilement {freeze, rN+
                  | Will+ SInv}
 26646 | Snake:4  | Identified the +3 scale mail "Cothruixy" {rC++}
 26989 | Snake:4  | Reached XP level 18. HP: 153/153 MP: 25/28
 27564 | Snake:4  | Got a serpentine rune of Zot
 27823 | Shoals:1 | Entered Level 1 of the Shoals
 28113 | Elf:1    | Entered Level 1 of the Elven Halls
 28623 | Elf:1    | Noticed Asterion
 28637 | Elf:1    | Killed Asterion
 29697 | Elf:2    | Found a huge runed translucent gate.
 29697 | Elf:2    | Found a huge runed translucent gate.
 29698 | Elf:2    | Found a huge runed translucent gate.
 29703 | Elf:2    | Found a huge runed translucent gate.
 29705 | Elf:2    | Found a huge runed translucent gate.
 30150 | Elf:3    | Entered Level 3 of the Elven Halls
 30233 | Elf:3    | Noticed a deep elf blademaster
 30243 | Elf:3    | Paralysed by an air elemental for 1 turns
 30248 | Elf:3    | Paralysed by an air elemental for 1 turns
 30306 | Elf:3    | Killed a deep elf blademaster
 30400 | Elf:3    | Reached XP level 19. HP: 138/161 MP: 17/32
 30806 | Elf:3    | Got Cakkur's Encyclopedia of Misery
 30816 | Elf:3    | Learned a level 8 spell: Necromutation
 31378 | Elf:3    | Reached skill level 10 in Invocations
 31380 | Abyss:2  | Found a corrupted altar of Lugonu.
 31380 | Abyss:2  | Cast into level 2 of the Abyss (a deep elf demonologist)
 31494 | Elf:3    | Escaped the Abyss
 31508 | Elf:3    | Reached skill level 10 in Spellcasting
 31509 | Elf:3    | Reached skill level 15 in Fire Magic
 31511 | Elf:3    | Noticed a Brimstone Fiend
 31512 | Elf:3    | Noticed a Brimstone Fiend
 31699 | Elf:3    | Identified the +10 chain mail "Vehyupp" {rF+ Regen+ Str-5
                  | SInv}
 31777 | Elf:3    | Identified the +1 chain mail of the Lair of Beasts {rN+
                  | rCorr Stlth+}
 31835 | Elf:3    | Identified the +9 demon whip "Xoce" {freeze, rC++ Str-3
                  | Int+5}
 31835 | Elf:3    | Identified the ring "Poarch" {rPois rC+ Str+6}
 32051 | Elf:3    | Identified the ring of the Vendetta {rF+ MP+9 Str-5 Int+3
                  | Stlth+}
 32159 | Elf:3    | Identified the +8 chain mail of the Coconut {rElec rCorr}
 32238 | Elf:3    | Got the Secrets of the Blizzard
 32266 | Elf:3    | Got Spellweaving Continued
 32267 | Elf:3    | Identified the +2 pair of boots "Fezel" {Contam rPois rF+
                  | Dex+3}
 32295 | Elf:3    | Identified the +1 cloak of Arphiara {Rampage +Blink}
 32343 | Elf:3    | Found the +3 giant club "Skullcrusher" {speed, Str+7}
 32350 | Elf:3    | Identified the +0 pair of gloves of Resilience {rC- rN++
                  | Str+4}
 32664 | Lair:2   | Killed Gargoyl's ghost
 32874 | D:9      | Killed GordonOverkill's ghost
 33913 | Shoals:1 | Identified the +6 falchion "Impslayer" {holy, rC+}
 34021 | Shoals:2 | Noticed Nikola
 34286 | Shoals:2 | Reached XP level 20. HP: 156/162 MP: 12/34
 34581 | Shoals:2 | Killed Nikola
 35917 | Shoals:4 | Entered Level 4 of the Shoals
 35935 | Shoals:4 | Identified the +8 halberd of the Dancing Gods {vamp, *Noise
                  | rF+ Int-4 Dex+7}
 35966 | Shoals:4 | Found Nutap's Book Boutique.
 36001 | Shoals:4 | Found a transporter.
 36002 | Shoals:4 | Bought a manual of Fighting for 1440 gold pieces
 36003 | Shoals:4 | Found a transporter.
 36045 | Shoals:4 | Found a transporter.
 36046 | Shoals:4 | Found a transporter.
 36139 | Shoals:4 | Found a transporter.
 36178 | Shoals:4 | Found a transporter.
 36339 | Shoals:4 | Identified the +7 falchion of Nyaliepn {heavy, rN+}
 36700 | Shoals:4 | Got a barnacled rune of Zot
 37347 | Vaults:1 | Entered Level 1 of the Vaults
 37440 | Vaults:1 | Reached skill level 1 in Necromancy
 37471 | Vaults:1 | Reached skill level 1 in Transmutations
 38119 | Vaults:1 | Reached XP level 21. HP: 177/177 MP: 34/36
 38143 | Vaults:1 | Found a runed translucent door.
 38143 | Vaults:1 | Noticed Duohi's ghost (veteran OpTm)
 38201 | Vaults:1 | Killed Duohi's ghost
 38310 | Vaults:1 | Identified the staff of Light {rF+ rC- Dex-4 SInv Necro
                  | Fire}
 38564 | Vaults:1 | Noticed Saint Roka
 38570 | Vaults:1 | Killed Saint Roka
 38774 | Vaults:1 | Reached skill level 5 in Necromancy
 38884 | Vaults:1 | Found Fuvaicyck's Jewellery Shoppe.
 39155 | Vaults:2 | Found a crumbling gateway.
 39173 | Desolati | Entered the Desolation of Salt
 39400 | Desolati | Identified the ring of Desixt {rF+++ EV+5 Str-4 Slay+4
                  | SInv}
 39524 | Desolati | Reached skill level 5 in Transmutations
 39621 | Desolati | Found the +18 Lear's hauberk
 39626 | Desolati | Got the Precepts of Combustion and the Bane
 39635 | Desolati | Got Noypeuc's Meditations on the Stinger
 39954 | Desolati | Identified the +1 leather armour "Nynidos" {Dex+4}
 39961 | Desolati | Identified the +6 battleaxe of Karann {pain, rElec}
 40169 | Vaults:2 | Identified the +2 robe of the Parsimonious God {rPois}
 40601 | Vaults:2 | Reached XP level 22. HP: 189/189 MP: 35/38
 41019 | Vaults:2 | Identified the +3 scale mail of the Irksome Cockatrice
                  | {Str+2}
 41938 | Vaults:3 | Found a staircase to the Crypt.
 41991 | Vaults:3 | You fall into a shaft and drop 1 floor!
 42776 | Vaults:3 | Noticed Sojobo
 42782 | Vaults:3 | Paralysed by an air elemental for 1 turns
 42867 | Vaults:3 | Noticed Mara
 42873 | Vaults:3 | Noticed tensugalgo's illusion
 42880 | Vaults:3 | Killed Sojobo
 42881 | Vaults:3 | Reached skill level 10 in Necromancy
 42888 | Vaults:3 | Killed Mara
 43067 | Vaults:3 | Noticed Margery
 43077 | Vaults:3 | Killed Margery
 43078 | Vaults:3 | Reached skill level 15 in Armour
 43394 | Vaults:3 | Reached XP level 23. HP: 196/196 MP: 15/40
 44850 | D:15     | Found a staircase to the Depths.
 44857 | Depths:1 | Entered Level 1 of the Depths
 45244 | Depths:1 | Found a runed translucent door.
 45338 | Depths:1 | Learned a level 1 spell: Apportation
 45511 | Depths:1 | Paralysed by a floating eye for 4 turns
 45623 | Depths:1 | Found a gateway to Hell.
 46007 | Depths:2 | Identified the ring of Tugoi {Ice Str+2}
 46007 | Depths:2 | Noticed Josephina
 46015 | Depths:2 | Killed Josephina
 46049 | Depths:2 | Reached skill level 10 in Transmutations
 46930 | Depths:2 | Identified a scroll of acquirement
 46933 | Depths:2 | Acquired 635 gold pieces
 47150 | Depths:2 | Noticed a golden dragon
 47158 | Depths:2 | Killed a golden dragon
 47233 | Depths:2 | Reached XP level 24. HP: 146/204 MP: 26/41
 47315 | Depths:2 | Got the Catalogue of Repulsive Injury
 47502 | Depths:2 | Found a one-way gate leading to the halls of Pandemonium.
 47586 | Depths:2 | Identified the +10 shortbow of Cunulu {flame, rCorr Str+4
                  | Int-3 Dex+2}
 47618 | Depths:2 | Found a one-way gate to the infinite horrors of the Abyss.
 47806 | Depths:2 | Identified the +2 hand axe of Noemoen {flame, rC+ Dex+3}
 47840 | Depths:3 | Found an ancient bone altar of Kikubaaqudgha.
 47916 | Depths:3 | Reached skill level 15 in Spellcasting
 48155 | Depths:3 | Found a corrupted altar of Lugonu.
 48638 | Depths:3 | Found Moewad's Jewellery Boutique.
 48639 | Depths:3 | Found Geudocze's Book Shoppe.
 48641 | Depths:3 | Found Nazeyxet's Jewellery Boutique.
 48658 | Depths:3 | Found a one-way gateway to a ziggurat.
 49026 | Depths:4 | Entered Level 4 of the Depths
 49273 | Depths:4 | Found Wooz's General Store.
 49289 | Depths:4 | Found Onwebb's Magic Scroll Shoppe.
 49295 | Depths:4 | Bought a scroll of blinking for 90 gold pieces
 49857 | Depths:4 | Found a gate to the Realm of Zot.
 50445 | Vaults:5 | Entered Level 5 of the Vaults
 50960 | Vaults:5 | Noticed Frederick
 51048 | Vaults:4 | Killed Frederick
 51758 | Vaults:4 | Reached skill level 15 in Necromancy
 51758 | Vaults:4 | Reached XP level 25. HP: 202/210 MP: 28/42
 51808 | Vaults:5 | Noticed a dread lich
 51968 | Vaults:4 | Killed a dread lich
 52107 | Vaults:5 | Noticed Boris
 52116 | Vaults:5 | Killed Boris
 52133 | Vaults:5 | Noticed a dread lich
 52259 | Vaults:5 | Killed a dread lich
 52264 | Vaults:5 | Identified the ring "Muyn" {rElec Will- Str+6 SInv Stlth+}
 52449 | Vaults:5 | Noticed a dread lich
 52459 | Vaults:5 | Killed a dread lich
 52812 | Vaults:5 | Identified the +10 rapier "Beetlebane" {speed, rPois rF+}
 52914 | Vaults:5 | Identified the amulet "Cuqito" {RegenMP rPois rF- Regen+
                  | Dex+8}
 52921 | Vaults:5 | Identified the amulet of the Archfiend {Spirit Regen+}
 53217 | Vaults:5 | Identified the +10 spear of Disembowelment {protect, rF+}
 53277 | Vaults:5 | Got a silver rune of Zot
 53423 | Vaults:5 | Noticed an ancient lich
 53436 | Vaults:5 | Killed an ancient lich
 53641 | Vaults:5 | Got the Spellbook of Anthracomancy and the Fifth Circle
 54326 | Slime:1  | Entered Level 1 of the Pits of Slime
 54402 | Slime:1  | Paralysed by a formless jellyfish for 1 turns
 55026 | Slime:3  | Noticed Dissolution
 55040 | Slime:3  | Killed Dissolution
 55138 | Slime:3  | Reached skill level 15 in Transmutations
 55321 | Slime:2  | Gained mutation: You sometimes lose your temper in combat.
                  | [a shining eye]
 55332 | Slime:2  | Reached XP level 26. HP: 218/218 MP: 30/43
 56634 | Slime:5  | Entered Level 5 of the Pits of Slime
 56685 | Slime:5  | Noticed the Royal Jelly
 56815 | Slime:5  | the Royal Jelly changed into a shard shrike shaped Royal
                  | Jelly
 56815 | Slime:5  | Noticed a shard shrike shaped Royal Jelly
 56893 | Slime:4  | Killed a shard shrike shaped Royal Jelly
 57222 | Slime:5  | Identified the +2 robe "Zaxzil" {*Slow +Inv Str+2 Dex+9}
 57224 | Slime:5  | Got a slimy rune of Zot
 57254 | Slime:5  | Identified the ring "Paffe" {*Slow rF+ Will+ Str+2 Stlth+}
 57281 | Slime:5  | Identified the +1 shortbow of Ruphudeq {drain, *Slow Dex+5}
 57283 | Slime:5  | Identified the +1 scale mail "Moommyol" {Str+3 Int+3 Dex+3
                  | Stlth-}
 57286 | Slime:5  | Identified the +1 broad axe "Gezoolai" {spect, *Corrode rN+
                  | Dex+10 Stlth-}
 57291 | Slime:5  | Identified the +1 chain mail of Generosity {rCorr MP+9
                  | Dex+3 SInv}
 57324 | Slime:5  | Identified the +5 glaive of Bloody Death {flame, rF++ rCorr
                  | Dex-2}
 58006 | Vaults:1 | Bought the ring of Ugith {Will+ MP+9 Str+6 Dex+6} for 1441
                  | gold pieces
 58196 | Zot:1    | Entered Level 1 of the Realm of Zot
 58552 | Zot:1    | Noticed an orb of fire
 58554 | Zot:1    | Gained mutation: You are frail. (-10% HP) [an orb of fire]
 58565 | Zot:1    | Killed an orb of fire
 59712 | Zot:2    | Identified the +6 scale mail "Aruth" {SInv}
 60137 | Zot:2    | Paralysed by you for 3 turns
 60167 | Zot:2    | Paralysed by you for 2 turns
 60306 | Zot:2    | Paralysed by you for 3 turns
 60567 | Zot:3    | Reached XP level 27. HP: 201/201 MP: 30/43
 61028 | Zot:3    | Reached skill level 1 in Hexes
 62441 | Zot:5    | Entered Level 5 of the Realm of Zot
 62716 | Zot:5    | Reached skill level 5 in Hexes
 63270 | Zot:5    | Noticed a dread lich
 63279 | Zot:5    | Killed a dread lich
 63406 | Zot:5    | Noticed an orb of fire
 63420 | Zot:5    | Noticed an orb of fire
 63432 | Zot:5    | Killed an orb of fire
 63450 | Zot:5    | Killed an orb of fire
 63517 | Zot:5    | Noticed an ancient lich
 63532 | Zot:5    | Killed an ancient lich
 63708 | Zot:5    | Noticed an ancient lich
 63726 | Zot:5    | Killed an ancient lich
 63753 | Zot:5    | Noticed an orb of fire
 63754 | Zot:5    | Noticed an orb of fire
 63755 | Zot:5    | Noticed a dread lich
 63757 | Zot:5    | Noticed an orb of fire
 63770 | Zot:5    | Killed a dread lich
 63792 | Zot:5    | Killed an orb of fire
 63932 | Zot:5    | Killed an orb of fire
 63951 | Zot:5    | Killed an orb of fire
 63991 | Zot:5    | Noticed an ancient lich
 64002 | Zot:5    | Killed an ancient lich
 64118 | Zot:5    | Noticed an orb of fire
 64147 | Zot:5    | Killed an orb of fire
 64405 | Hell     | Entered the Vestibule of Hell
 64405 | Hell     | Noticed Geryon
 64478 | Depths:2 | Learned a level 8 spell: Maxwell's Capacitive Coupling
 64767 | Hell     | Killed Geryon
 64768 | Hell     | Reached skill level 10 in Hexes
 64937 | Hell     | Found a gateway to the freezing wastes of Cocytus.
 65018 | Hell     | Found a gateway to the Iron City of Dis.
 65064 | Hell     | Found a gateway to the ashen valley of Gehenna.
 65118 | Hell     | Found a gateway to the decaying netherworld of Tartarus.
 65209 | Depths:3 | Voluntarily entered the Abyss.
 65421 | Abyss:3  | Found a corrupted altar of Lugonu.
 65447 | Abyss:3  | Found a corrupted altar of Lugonu.
 65545 | Abyss:3  | Found a corrupted altar of Lugonu.
 65559 | Abyss:3  | Got an abyssal rune of Zot
 65662 | Depths:3 | Escaped the Abyss
 65893 | Crypt:1  | Entered Level 1 of the Crypt
 66066 | Crypt:1  | Noticed Jory
 66077 | Crypt:1  | Killed Jory
 67429 | Crypt:2  | Noticed Boris
 67444 | Crypt:2  | Killed Boris
 67879 | Crypt:3  | Entered Level 3 of the Crypt
 68136 | Crypt:3  | Identified the amulet "Fennuaga" {Spirit rElec}
 68541 | Crypt:3  | Found a basalt altar of Yredelemnul.
 68736 | Crypt:3  | Learned a level 8 spell: Infestation
 68862 | Crypt:3  | Identified the ring of Dithmenos's Regard {rF+ rN+}
 69330 | Crypt:3  | Identified the ring "Joreyr" {rN+ rCorr Int+2}
 69330 | Crypt:3  | Identified the ring "Woucuiju" {rElec rPois rN+ Str-2 SInv}
 69332 | Crypt:3  | Got the Parchment of the Algid Retinue
 69338 | Crypt:3  | Identified the amulet "Onuaval" {Spirit Dex+4}
 69517 | Crypt:3  | Found a staircase to the Tomb.
 69728 | Crypt:3  | Identified the amulet "Beashetu" {RegenMP Str+2}
 69732 | Crypt:3  | Identified the +3 hand axe "Jacwity" {venom, rPois Will-
                  | Int+2 Dex+2}
 69916 | Tomb:1   | Entered Level 1 of the Tomb of the Ancients
 70054 | Tomb:1   | Reached skill level 1 in Air Magic
 70169 | Tomb:1   | Noticed a royal mummy
 70178 | Tomb:1   | Killed a royal mummy
 70182 | Tomb:1   | Noticed a royal mummy
 70188 | Tomb:1   | Killed a royal mummy
 70453 | Tomb:1   | Noticed a royal mummy
 70466 | Tomb:1   | Killed a royal mummy
 71261 | Zig:1    | Entered Level 1 of a ziggurat
 71273 | Zig:2    | Entered Level 2 of a ziggurat
 71295 | Zig:3    | Entered Level 3 of a ziggurat
 71320 | Zig:4    | Entered Level 4 of a ziggurat
 71324 | Zig:4    | Reached skill level 5 in Air Magic
 71341 | Zig:5    | Entered Level 5 of a ziggurat
 71343 | Zig:5    | Noticed a dread lich
 71353 | Zig:5    | Killed a dread lich
 71370 | Zig:5    | Identified the staff "Bourier" {Contam rF+ MP+9 Str+4 Dex+3
                  | Fire}
 71383 | Zig:6    | Entered Level 6 of a ziggurat
 71385 | Zig:6    | Noticed an ancient lich
 71394 | Zig:6    | Killed an ancient lich
 71551 | Zig:7    | Entered Level 7 of a ziggurat
 71589 | Zig:7    | Identified the +2 ring mail of the Orb {Harm +Blink +Inv
                  | Dex-5}
 71617 | Zig:8    | Entered Level 8 of a ziggurat
 71620 | Zig:8    | Noticed Naskoig the pandemonium lord
 71629 | Zig:8    | Killed Naskoig the pandemonium lord
 71717 | Zig:9    | Entered Level 9 of a ziggurat
 71755 | Zig:9    | Identified the staff of the Trees {rElec rPois Dex+4
                  | Poison}
 71878 | Zig:10   | Entered Level 10 of a ziggurat
 71947 | Zig:10   | Identified the amulet "Rinauck" {Spirit Rampage Fragile
                  | rCorr Dex-5}
 71974 | Zig:10   | Lost mutation: You are frail. (-10% HP) [potion of
                  | mutation]
 71974 | Zig:10   | Lost mutation: You sometimes lose your temper in combat.
                  | [potion of mutation]
 71974 | Zig:10   | Gained mutation: You are partially covered in iridescent
                  | scales. (AC +2) [potion of mutation]
 71975 | Zig:10   | Lost mutation: You are partially covered in iridescent
                  | scales. (AC +2) [potion of mutation]
 71975 | Zig:10   | Gained mutation: You have a pair of small horns on your
                  | head. [potion of mutation]
 71976 | Zig:10   | Lost mutation: You have a pair of small horns on your head.
                  | [potion of mutation]
 71976 | Zig:10   | Gained mutation: You have a pair of small antennae on your
                  | head. [potion of mutation]
 71976 | Zig:10   | Gained mutation: You have sharp toenails. [potion of
                  | mutation]
 71976 | Zig:10   | Gained mutation: Your flesh is cold resistant. (rC+)
                  | [potion of mutation]
 71976 | Zig:10   | Gained mutation: Your skin changes colour to match your
                  | surroundings (Stealth+). [potion of mutation]
 71977 | Zig:10   | Lost mutation: Your skin changes colour to match your
                  | surroundings (Stealth+). [potion of mutation]
 71977 | Zig:10   | Lost mutation: You have a pair of small antennae on your
                  | head. [potion of mutation]
 71977 | Zig:10   | Gained mutation: You are agile. (Dex +4, Str/Int -1)
                  | [potion of mutation]
 71977 | Zig:10   | Gained mutation: You passively dampen the noise of your
                  | surroundings. [potion of mutation]
 71985 | Zig:11   | Entered Level 11 of a ziggurat
 72106 | Depths:3 | Acquired the +1 pair of boots of the Tuna {rF++}
 72107 | Depths:3 | Acquired 524 gold pieces
 72108 | Depths:3 | Acquired the +0 cloak of the Fife {rElec rN+ Str+2 Slay+4}
 72179 | Pan      | Entered Pandemonium
 72533 | Pan      | Noticed Konimm the pandemonium lord
 72547 | Pan      | Killed Konimm the pandemonium lord
 72981 | Pan      | Noticed Arghoid the pandemonium lord
 72985 | Pan      | Killed Arghoid the pandemonium lord
 72988 | Pan      | Reached skill level 15 in Air Magic
 73334 | Pan      | Identified the +6 hand axe "Eta Ani" {freeze, rCorr Int+5}
 73552 | Pan      | Identified the +5 hand axe of Ambiguity {protect, rPois}
 73865 | Pan      | Identified the +0 ring mail of an ice cave {rN+ Str+3}
 73874 | Pan      | Identified the ring "Impirio" {Drain Fly rF+ Str+2 Dex+4}
 74060 | Pan      | Upgraded the game from 0.31-a0-198-g2ad674f65e to
                  | 0.31-a0-200-gbc41564c69
 74403 | Pan      | Noticed Liokaet the pandemonium lord
 74428 | Pan      | Killed Liokaet the pandemonium lord
 74628 | Pan      | Noticed Toqaxof the pandemonium lord
 74643 | Pan      | Killed Toqaxof the pandemonium lord
 74656 | Pan      | Got a demonic rune of Zot
 74722 | Pan      | Acquired the +3 pair of gauntlets of War {Slay+5}
 74722 | Pan      | Found the +3 pair of gauntlets of War {Slay+5}
 74807 | Pan      | Noticed Bieptucw the pandemonium lord
 74812 | Pan      | Killed Bieptucw the pandemonium lord
 74835 | Pan      | Entered the realm of Mnoleg.
 75211 | Pan      | Noticed Mnoleg
 75236 | Pan      | Killed Mnoleg
 75332 | Pan      | Got a glowing rune of Zot
 75552 | Pan      | Entered the realm of Gloorx Vloq.
 75575 | Pan      | Noticed Gloorx Vloq
 75859 | Pan      | Got a dark rune of Zot
 75904 | Pan      | Entered the realm of Cerebov.
 76015 | Pan      | Got the Verses on Transmutation and Distance
 76019 | Pan      | Identified the +7 great mace of Attainder {freeze, Will++
                  | rCorr Str+2 Stlth+}
 76117 | Pan      | Identified the staff of Malum Prohibitum {rN+ Str-2 Dex+5
                  | SInv Stlth+ Necro}
 76220 | Pan      | Got Sif Muna's Annotations on Fiery Momentum
 76292 | Pan      | Found the +6 sword of Cerebov {flame}
 76292 | Pan      | Noticed Cerebov
 76316 | Pan      | Killed Cerebov
 76374 | Pan      | Identified the +7 mace of the Kissing Owl {elec, Fragile
                  | Will+ Dex+2}
 76409 | Pan      | Got a fiery rune of Zot
 76533 | Pan      | Entered the realm of Lom Lobon.
 76696 | Pan      | Reached skill level 27 in Fighting
 76842 | Pan      | Reached skill level 27 in Armour
 76843 | Pan      | Noticed Lom Lobon
 76849 | Pan      | Killed Lom Lobon
 76887 | Pan      | Got a magical rune of Zot
 77370 | Pan      | Noticed Koats the pandemonium lord
 77375 | Pan      | Killed Koats the pandemonium lord
 77412 | Depths:2 | Escaped Pandemonium
 77538 | Coc:1    | Entered Level 1 of Cocytus
 78064 | Coc:7    | Entered Level 7 of Cocytus
 78231 | Coc:7    | Learned a level 4 spell: Dispel Undead
 78252 | Coc:7    | Noticed Antaeus
 78261 | Coc:7    | Killed Antaeus
 78279 | Coc:7    | Got an icy rune of Zot
 78284 | Coc:7    | Identified the staff of Shame {rPois rC+ Int+3 Dex+2 Conj}
 78287 | Coc:7    | Identified the ring "Jevy" {Will+ Str+3}
 78289 | Coc:7    | Identified the amulet "Tikiophio" {Faith rF++ Int+6 Stlth-}
 78462 | Coc:7    | Reached skill level 27 in Spellcasting
 78520 | Coc:7    | Identified the amulet of Baffeod {RegenMP *Slow rElec
                  | Will+++}
 78565 | Coc:7    | Paralysed by a wendigo for 1 turns
 78768 | Dis:1    | Entered Level 1 of the Iron City of Dis
 78768 | Dis:1    | You fall into a shaft and drop 1 floor!
 79023 | Dis:7    | Entered Level 7 of the Iron City of Dis
 79323 | Dis:7    | Noticed a juggernaut
 79334 | Dis:7    | Killed a juggernaut
 79460 | Dis:7    | Noticed a juggernaut
 79464 | Dis:7    | Killed a juggernaut
 79826 | Dis:7    | Noticed Dispater
 79831 | Dis:7    | Killed Dispater
 79839 | Dis:7    | Found the +10 tower shield of Ignorance {rN+ Int-4}
 79857 | Dis:7    | Found the +16 obsidian axe {drain, demonic, Mesm Drain Fly
                  | SInv}
 79865 | Dis:7    | Got an iron rune of Zot
 79981 | Dis:7    | Identified the ring "Avva" {Fly Str+6}
 79985 | Dis:7    | Identified the ring "Duru" {Will+ Dex+3}
 80376 | Hell     | Acquired a Fen Folio
 80390 | Hell     | Learned a level 7 spell: Ozocubu's Refrigeration
 80395 | Geh:1    | Entered Level 1 of Gehenna
 80395 | Geh:1    | Found a huge runed gate.
 80395 | Geh:1    | Found a huge runed gate.
 80395 | Geh:1    | Found a huge runed gate.
 80395 | Geh:1    | Found a huge runed gate.
 80395 | Geh:1    | Found a huge runed gate.
 80395 | Geh:1    | Found a huge runed gate.
 80395 | Geh:1    | Found a huge runed gate.
 80395 | Geh:1    | Found a huge runed gate.
 80395 | Geh:1    | Found a huge runed gate.
 80395 | Geh:1    | Found a huge runed gate.
 80414 | Geh:1    | Found a huge runed gate.
 80414 | Geh:1    | Found a huge runed gate.
 80414 | Geh:1    | Found a huge runed gate.
 80414 | Geh:1    | Found a huge runed gate.
 80414 | Geh:1    | Found a huge runed gate.
 80414 | Geh:1    | Found a huge runed gate.
 80414 | Geh:1    | Found a huge runed gate.
 80420 | Geh:1    | Found a huge runed gate.
 80789 | Geh:3    | Reached skill level 10 in Evocations
 80830 | Geh:4    | Noticed a dread lich
 80864 | Geh:4    | Killed a dread lich
 81035 | Geh:5    | Noticed a dread lich
 81045 | Geh:5    | Killed a dread lich
 81209 | Geh:6    | Noticed a dread lich
 81213 | Geh:6    | Killed a dread lich
 81234 | Geh:7    | Entered Level 7 of Gehenna
 81772 | Geh:7    | Identified the amulet of Jala {Acrobat rF+ Str+3}
 81908 | Geh:7    | Identified the ring of Xeurghodo {rElec rPois rC+ MP+9
                  | Str+6}
 81930 | Geh:7    | Found the +13 sceptre of Asmodeus
 81930 | Geh:7    | Noticed Asmodeus
 81942 | Geh:7    | Killed Asmodeus
 81967 | Geh:7    | Got an obsidian rune of Zot
 82587 | Tomb:2   | Noticed a royal mummy
 82587 | Tomb:2   | Noticed a royal mummy
 82587 | Tomb:2   | Noticed a royal mummy
 82587 | Tomb:2   | Noticed a royal mummy
 82597 | Tomb:2   | Killed a royal mummy
 82601 | Tomb:2   | Killed a royal mummy
 82603 | Tomb:2   | Killed a royal mummy
 82604 | Tomb:2   | Killed a royal mummy
 82754 | Tomb:2   | Reached skill level 15 in Invocations
 83045 | Tomb:1   | Noticed a royal mummy
 83057 | Tomb:1   | Killed a royal mummy
 83073 | Tomb:1   | Noticed a royal mummy
 83083 | Tomb:1   | Noticed a royal mummy
 83085 | Tomb:1   | Killed a royal mummy
 83090 | Tomb:1   | Killed a royal mummy
 83103 | Tomb:1   | Noticed a royal mummy
 83120 | Tomb:1   | Killed a royal mummy
 83139 | Tomb:1   | Noticed a royal mummy
 83145 | Tomb:1   | Noticed a royal mummy
 83148 | Tomb:1   | Killed a royal mummy
 83153 | Tomb:1   | Killed a royal mummy
 83192 | Tomb:1   | Noticed a royal mummy
 83196 | Tomb:1   | Killed a royal mummy
 83196 | Tomb:1   | Noticed a royal mummy
 83203 | Tomb:1   | Noticed a royal mummy
 83207 | Tomb:1   | Killed a royal mummy
 83212 | Tomb:1   | Killed a royal mummy
 83236 | Tomb:1   | Noticed a royal mummy
 83258 | Tomb:1   | Killed a royal mummy
 83282 | Tomb:1   | Noticed a royal mummy
 83287 | Tomb:1   | Killed a royal mummy
 83288 | Tomb:1   | Noticed a royal mummy
 83293 | Tomb:1   | Noticed a royal mummy
 83295 | Tomb:1   | Killed a royal mummy
 83300 | Tomb:1   | Killed a royal mummy
 83386 | Tomb:1   | Noticed a royal mummy
 83390 | Tomb:1   | Killed a royal mummy
 83401 | Tomb:1   | Noticed a royal mummy
 83411 | Tomb:1   | Killed a royal mummy
 83419 | Tomb:1   | Noticed a royal mummy
 83421 | Tomb:1   | Noticed a royal mummy
 83424 | Tomb:1   | Noticed a royal mummy
 83426 | Tomb:1   | Killed a royal mummy
 83426 | Tomb:1   | Noticed a royal mummy
 83427 | Tomb:1   | Killed a royal mummy
 83431 | Tomb:1   | Killed a royal mummy
 83432 | Tomb:1   | Killed a royal mummy
 83578 | Tomb:2   | Paralysed by a Zot trap for 2 turns
 84197 | Tar:1    | Entered Level 1 of Tartarus
 84748 | Tar:7    | Entered Level 7 of Tartarus
 84794 | Tar:7    | Noticed an ancient lich
 84799 | Tar:7    | Killed an ancient lich
 84993 | Tar:7    | Identified the +6 rapier "Leegryrotwe" {heavy, rC- Will+
                  | rCorr}
 85023 | Tar:7    | Got the Secrets of Geomancy and Bones
 85036 | Tar:7    | Identified the +9 broad axe of Breach {pain, Int+5}
 85124 | Tar:7    | Noticed the Serpent of Hell
 85131 | Tar:7    | Noticed a dread lich
 85138 | Tar:7    | Killed the Serpent of Hell
 85138 | Tar:7    | Paralysed by a dread lich for 5 turns
 85145 | Tar:7    | Paralysed by a dread lich for 5 turns
 85150 | Tar:7    | Killed a dread lich
 85219 | Tar:7    | Identified the +0 robe "Miumar" {Harm rElec Will+}
 85272 | Tar:7    | Noticed an ancient lich
 85277 | Tar:7    | Killed an ancient lich
 85318 | Tar:7    | Noticed Ereshkigal
 85383 | Tar:7    | Killed Ereshkigal
 85422 | Tar:7    | Got a bone rune of Zot
 86362 | Tomb:3   | Entered Level 3 of the Tomb of the Ancients
 86375 | Tomb:3   | Noticed a royal mummy
 86375 | Tomb:3   | Noticed a royal mummy
 86375 | Tomb:3   | Noticed a royal mummy
 86375 | Tomb:3   | Noticed a royal mummy
 86376 | Tomb:3   | Noticed a royal mummy
 86376 | Tomb:3   | Noticed a royal mummy
 86378 | Tomb:3   | Killed a royal mummy
 86378 | Tomb:3   | Killed a royal mummy
 86378 | Tomb:3   | Killed a royal mummy
 86381 | Tomb:3   | Killed a royal mummy
 86381 | Tomb:3   | Killed a royal mummy
 86381 | Tomb:3   | Killed a royal mummy
 86382 | Tomb:3   | Noticed a royal mummy
 86383 | Tomb:3   | Noticed a royal mummy
 86383 | Tomb:3   | Killed a royal mummy
 86384 | Tomb:3   | Killed a royal mummy
 86384 | Tomb:3   | Noticed a royal mummy
 86390 | Tomb:3   | Killed a royal mummy
 86422 | Tomb:3   | Found the ring of Shadows {Umbra +Inv Stlth+}
 86455 | Tomb:3   | Identified the +6 scale mail of Feasting {rN+}
 86458 | Tomb:3   | Identified the ring of Egajid {*Slow Str+3 Int+4 Dex+6}
 86466 | Tomb:3   | Identified the +0 leather armour "Budd" {rC+}
 86513 | Tomb:3   | Identified the ring "Duinaplu" {rPois rN++ Will+}
 86601 | Tomb:3   | Got a golden rune of Zot
 87429 | Zot:5    | Got the Orb of Zot
 87491 | Zot:5    | Noticed Boris
 87495 | Zot:5    | Killed Boris
 87626 | Zot:1    | Noticed Faulet the pandemonium lord
 87634 | Zot:1    | Killed Faulet the pandemonium lord
 88111 | D:$      | Escaped with the Orb!

Illustrated notes

Levels and vault maps discovered:
D:1:      pf_arrival_petrified_forest, layout_basic,
          shapermc_ecumenical_altar_acropolis
D:2:      layout_loops_ring, reono_crystal_passage, nicolae_elevator_lobby_plus,
          uniq_robin
D:3:      layout_basic, serial_shops, shop, st_stairs_8
D:4:      layout_basic, xom_redecorated, mainiacjoe_overflow_alcove_4,
          nicolae_overflow_hidden_temple, uniq_blork_the_orc
D:5:      layout_loops_ring, lemuel_tele_altar, kennysheep_mini_moat,
          minmay_temple_entry_ruins, chequers_serial_rivers_room_a,
          nicolae_figureground_sparkle
D:6:      layout_basic, serial_shops, shop
D:7:      layout_loops_ring, mainiacjoe_overflow_six_doors_small, uniq_menkaure,
          uniq_pikel
D:8:      layout_cave_pods, ashenzari_conservatory_becter, okawaru_humans,
          david_lair_shrubbed, nicolae_transmutations_shop, minmay_lizard_king,
          uniq_psyche, uniq_grum, uniq_erica
D:9:      layout_roguey, nicolae_qazlal_scattered_showers, orc_0_dummy,
          ebering_ghost_rock_garden
D:10:     layout_stronghold, mainiacjoe_overflow_catch_the_wave,
          chequers_serial_rivers_marsh, uniq_maurice, uniq_harold
D:11:     layout_cross, uniq_erolcha
D:12:     layout_rooms, serial_corexii_hall, corexii_hall_statues_i,
          chequers_hall_statues_y, pdpol_wu_jian_five_deadly_venoms, uniq_snorg
D:13:     layout_small_grid, uniq_sonja
D:14:     layout_basic, david_vaults_4, chequers_serial_rivers_marsh,
          onia_ninara_cookie
D:15:     grunt_enter_depths_snipers, layout_irregular_city,
          nemelex_diamond_rough_becter, lemuel_freeze_loot_1
Temple:   grunt_temple_mini_profane
Lair:1:   layout_concentric_octagons, grunt_megastairs_5
Lair:2:   gammafunk_indiana_jones, layout_gridlike, elwin_shoals_entry_rooms,
          gammafunk_ghost_split, lemuel_fruit_fields
Lair:3:   cheibrodos_lair_river_kwai, layout_small_grid,
          minmay_snake_entry_six_corridors, kennysheep_snail_temple
Lair:4:   layout_long_grid, nicolae_volcano_entry_two_sided, fungi_pond_lemuel,
          chequers_serial_rivers_micro_b, lemuel_fruit_tree,
          infiniplex_staircase_pool
Lair:5:   guppyfry_lair_end_dragon, layout_cave_pods,
          nicolae_slime_entry_slimehenge
Shoals:1: layout_shoals, dpeg_stationary_puzzle
Shoals:2: layout_shoals, uniq_nikola
Shoals:3: layout_shoals, nicolae_shoals_secluded_bog
Shoals:4: shoals_end_hangedman, layout_shoals, serial_shops, shop,
          nicolae_shoals_stone_sculpture_thing, serial_nicolae_subway,
          nicolae_sub_station_metal, nicolae_sub_station_crystal,
          nicolae_sub_station_stone
Snake:1:  layout_rooms, nicolae_snake_lava_pool
Snake:2:  layout_rooms, serial_shops, nicolae_shop_rolling_square,
          nicolae_shop_pleasant_corner_grove, serial_bayou_shore_a
Snake:3:  layout_rooms, basic_altar, nicolae_shop_self_help
Snake:4:  snake_pit_salamanders_mu, layout_basic,
          portal_ice_cave_entry_pillars_2
Slime:1:  layout_caves
Slime:2:  layout_caves
Slime:3:  cheibrodos_slime_lost_civilization_9, layout_caves, dissolution_awaits
Slime:4:  layout_caves
Slime:5
Orc:1:    layout_diamond_mine, serial_shops, uniq_nergalle
Orc:2:    st_orc_elflike, layout_caves, serial_shops, nicolae_diamond_shop,
          led_sif_book
Elf:1:    elf_arrival_001, layout_onion_city, kennysheep_underground_church,
          lemuel_flamethrower_hall, uniq_asterion
Elf:2:    elven_hall_of_blades_hangedman_alternative
          [nicolae_blade_entry_crossed_weapons], layout_geoelf_diagonals
Elf:3:    minmay_elf_hall_not_hex, layout_loops_corners, guppyfry_elf_castle
Vaults:1: gammafunk_ghost_grave, nicolae_vaults_storage_room_statues,
          v_pattern_4, ontoclasm_vaults_spin, vaults_room_fours, v_rooms_5,
          nicolae_vaults_an_arrangement, vaults_room_pool,
          nicolae_vaults_little_squares_1, vaults_dpeg_diagonal,
          nicolae_vaults_bisected_inception, nicolae_vaults_heart-shaped_vault,
          nicolae_vaults_cochlea, v_misc_5, nicolae_vaults_hallways_thing,
          vaults_room_pool, layout_vaults_omnicross, serial_shops, shop,
          uniq_saint_roka
Vaults:2: portal_desolation_entry_twin_temple, v_alt_pattern_2,
          nicolae_vaults_double_plus_2, vaults_room_fours,
          nicolae_vaults_circle_grid_b, nicolae_vaults_two_Ls,
          nicolae_vaults_more_shelving_2, v_misc_14, vaults_dpeg_encased_lava,
          nicolae_vaults_storage_closets_2, nicolae_vaults_arrows, v_misc_27,
          nicolae_vaults_trapezoid_lopsided_1, layout_vaults_omnibox
Vaults:3: v_misc_1, nicolae_vaults_quartermaster, minmay_crypt_entry_vampire_xt,
          ontoclasm_vaults_ring_small, vaults_room_stairs_pillars,
          nicolae_vaults_tetromino_T_2, vaults_room_pools,
          layout_vaults_omnigrid, uniq_margery, uniq_mara, uniq_sojobo
Vaults:4: nicolae_vaults_tangent_ellipses, nicolae_vaults_little_squares_6,
          ontoclasm_vaults_gateway, nicolae_vaults_double_plus_2,
          nicolae_vaults_triangles, hangedman_vaults_slither,
          nicolae_vaults_sesquioval_fish, nicolae_vaults_tetromino_L_1,
          nicolae_vaults_trapezoid_lopsided_3, nicolae_vaults_tetromino_Z_1,
          layout_vaults_chaotic_city
Vaults:5: uniq_frederick, uniq_boris
Crypt:1:  layout_gridlike, uniq_jory
Crypt:2:  layout_gridlike, hellmonk_scarab_ruin
Crypt:3:  evilmike_haunted_forest
Tomb:1
Tomb:2
Tomb:3
Depths:1: layout_cave_pools, kennysheep_boxes, hell_entry, hex_large,
          roderic_roman_lattice, lightli_giant_bouncers
Depths:2: lemuel_traditional_vault, layout_basic, rand_demon_pan_entry_4,
          marbit_kobold_abyss_entry, hell_entry, eino_tiny_chamber,
          chequers_serial_rivers_micro_d, evilmike_butchery,
          infiniplex_staircase_squiggle, uniq_josephina
Depths:3: minmay_spriggan_fort, layout_basic, enter_ziggurat_e,
          dk_noncrumbling_3, grunt_mini_vestibule, abyss_entry_flame_altar,
          nicolae_kikubaaqudgha_miasma_corner, serial_bayou_shore_b,
          serial_bayou_shore_b, minmay_shop_grove, infiniplex_staircase_zigzag_5
Depths:4: grunt_zot_entry_funnels, layout_basic, chequers_serial_rivers_micro_a,
          hell_entry, serial_bayou_shore_b, minmay_shop_star
Hell
Dis:1:    layout_gridville
Dis:2:    layout_gridville
Dis:3:    layout_subdivisions
Dis:4:    layout_subdivisions
Dis:5:    layout_regular_city
Dis:6:    layout_regular_city
Dis:7:    dis_grunt_layers
Geh:1:    layout_gehenna_pools_basic, not_door_vault_due
Geh:2:    layout_gehenna_pools_basic
Geh:3:    nicolae_geh_gridlava [nicolae_sub_geh_gridintersect,
          nicolae_sub_geh_gridintersect, nicolae_sub_geh_gridintersect,
          nicolae_sub_geh_gridintersect], layout_gehenna_pools_basic
Geh:4:    layout_gehenna_pools_triple, evilmike_ambush
          [evilmike_ambush_outer_corners, evilmike_ambush_inner_wall_2]
Geh:5:    layout_gehenna_pools_triple
Geh:6:    layout_gehenna_lava_caves
Geh:7:    geh_grunt
Coc:1:    layout_ice_bergs
Coc:2:    layout_ice_bergs
Coc:3:    layout_cocytus_delve
Coc:4:    layout_ice_bergs
Coc:5:    layout_ice_bergs
Coc:6:    layout_cocytus_delve
Coc:7:    coc_hangedman
Tar:1:    layout_cathedral_of_symmetry, nicolae_tar_honey_chapel
Tar:2:    layout_catacombs
Tar:3:    layout_cathedral_of_symmetry
Tar:4:    nicolae_tar_intersect_combbox, layout_cathedral_of_symmetry,
          nicolae_tar_cuneiform_to_be
Tar:5:    layout_grid_maze
Tar:6:    layout_grid_maze
Tar:7:    tar_old
Zot:1:    layout_concentric_octagons, st_stairs_8, grunt_megastairs_4
Zot:2:    gammafunk_mikee_crab_dinner, layout_misc_corridors
Zot:3:    layout_concentric_octagons
Zot:4:    layout_gridlike, guppyfry_library_mini
Zot:5:    layout_cellular_growth

Skill      XL: |  1  2  3  4  5  6  7  8  9 10 11 12 13 14 15 16 17 18 19 20 21 22 23 24 25 26 27 |
---------------+----------------------------------------------------------------------------------+-----
Armour         | 1 2 3 5 7 8 9 10 12 13 15 16 17 18 27 | 27.0
Spellcasting   | 1 2 3 5 7 9 10 11 12 13 14 15 16 27 | 27.0
Long Blades    | 4 |  4.1
Fighting       | 4 5 6 7 9 11 12 13 14 15 16 17 18 19 20 27 | 27.0
Ice Magic      | 1 2 3 4 6 8 10 14 | 14.0
Dodging        | 4 5 7 8 10 11 12 13 14 15 23 | 23.2
Translocations | 2 3 4 |  4.0
Polearms       | 2 6 9 10 12 13 14 15 19 | 19.0
Earth Magic    | 2 5 6 7 |  7.2
Invocations    | 3 4 5 6 7 9 10 15 | 15.0
Evocations     | 3 5 7 11 | 11.0
Fire Magic     | 2 6 8 11 14 17 19 25 | 25.4
Necromancy     | 3 7 10 12 15 17 19 | 19.0
Transmutations | 2 6 8 10 12 15 19 21 | 21.0
Hexes          | 13 | 13.0
Air Magic      | 18 | 18.0

Action                     |  1- 3 |  4- 6 |  7- 9 | 10-12 | 13-15 | 16-18 | 19-21 | 22-24 | 25-27 || total
---------------------------+-------+-------+-------+-------+-------+-------+-------+-------+-------++-------
  Melee: Falchion          |    40 |       |       |       |       |       |       |       |       ||    40
         Dagger            |    63 |   166 |   105 |       |       |       |       |       |       ||   334
         Short sword       |       |       |   135 |    49 |       |       |       |       |       ||   184
         Glaive            |       |       |       |   187 |   694 |   907 |  1207 |  1170 |  4333 ||  8498
         Unarmed           |       |       |       |     4 |       |       |       |       |       ||     4
  Throw: Dart              |       |       |       |       |       |       |     1 |     5 |       ||     6
   Cast: Frozen Ramparts   |       |     4 |    41 |    47 |    68 |    82 |    68 |    34 |     2 ||   346
         Ignition          |       |       |       |       |       |       |    22 |    95 |   564 ||   681
         Passwall          |       |       |       |       |       |       |       |     1 |     1 ||     2
         Blink             |       |       |       |       |       |       |       |     4 |     7 ||    11
         Necromutation     |       |       |       |       |       |       |       |       |   529 ||   529
         Infestation       |       |       |       |       |       |       |       |       |   147 ||   147
         Maxwell's Capacit |       |       |       |       |       |       |       |       |   103 ||   103
         Apportation       |       |       |       |       |       |       |       |       |    63 ||    63
         Ozocubu's Refrige |       |       |       |       |       |       |       |       |    61 ||    61
         Enfeeble          |       |       |       |       |       |       |       |       |     7 ||     7
 Invoke: Slouch            |       |       |       |       |       |       |     5 |       |       ||     5
Ability: Hop               |       |     2 |     2 |     4 |     9 |     8 |    10 |    12 |    33 ||    80
  Evoke: Wand              |       |       |       |     4 |       |     4 |       |     3 |    20 ||    31
         Lightning rod     |       |       |       |       |     7 |       |     4 |     2 |     3 ||    16
         Box of beasts     |       |       |       |       |     1 |     2 |       |     1 |     2 ||     6
         Phantom mirror    |       |       |       |       |       |       |       |     2 |     5 ||     7
         Condenser vane    |       |       |       |       |       |       |       |     1 |       ||     1
    Use: Scroll            |       |     2 |     5 |     5 |     9 |     4 |     7 |     3 |    19 ||    54
         Potion            |       |       |     3 |     1 |     1 |       |     2 |       |    13 ||    20
   Stab: Sleeping          |       |       |       |     1 |     1 |    17 |       |       |    11 ||    30
         Distracted        |       |       |       |       |     4 |     2 |       |       |    34 ||    40
         Confused          |       |       |       |       |     1 |       |       |       |       ||     1
         Invisible         |       |       |       |       |       |       |       |       |     5 ||     5
 Armour: Robe              |     4 |       |       |    11 |       |       |       |       |       ||    15
         Leather armour    |    13 |    49 |    59 |     5 |       |       |       |       |       ||   126
         Scale mail        |       |       |       |    58 |   170 |   289 |    49 |       |       ||   566
         Steam dragon scal |       |       |       |     5 |       |       |       |       |       ||     5
         Chain mail        |       |       |       |       |       |       |   468 |   416 |  1536 ||  2420
  Dodge: Dodged            |    34 |   120 |   155 |   215 |   798 |  1216 |  1432 |  1468 |  6867 || 12305

Table legend: (Time is in decaauts)
 A = Elapsed time spent in this place.
 B = Non-inter-level travel time spent in this place.
 C = Inter-level travel time spent in this place.
 D = Time resting spent in this place.
 E = Time spent auto-exploring this place.
 F = Levels seen in this place.
 G = Mean time per level.
                   A        B        C        D        E       F      G
               +--------+--------+--------+--------+--------+-----+--------+
         Total | 150569 | 128409 |  22160 |   7783 |  82154 | 117 | 1286.9 |
       Dungeon |  23235 |  18786 |   4449 |    624 |  14777 |  15 | 1549.0 |
        Temple |    249 |    205 |     44 |      0 |    187 |   1 |  249.0 |
          Lair |  13225 |  10476 |   2749 |    469 |   8332 |   5 | 2645.0 |
        Shoals |   7434 |   7111 |    323 |    315 |   5579 |   4 | 1858.5 |
     Snake Pit |   7902 |   6895 |   1007 |    517 |   4699 |   4 | 1975.5 |
    Slime Pits |   6229 |   5723 |    506 |    571 |   4274 |   5 | 1245.8 |
  Orcish Mines |   3107 |   2719 |    388 |     68 |   2178 |   2 | 1553.5 |
   Elven Halls |   7627 |   7263 |    364 |    310 |   5439 |   3 | 2542.3 |
        Vaults |  18624 |  15078 |   3546 |   2126 |  10465 |   5 | 3724.8 |
         Crypt |   8563 |   6743 |   1820 |     38 |   5160 |   3 | 2854.3 |
          Tomb |   6241 |   4067 |   2174 |    424 |   1550 |   3 | 2080.3 |
        Depths |  11708 |   9780 |   1928 |    648 |   7154 |   4 | 2927.0 |
          Hell |   1416 |    912 |    504 |     22 |    456 |   1 | 1416.0 |
           Dis |   2389 |   2332 |     57 |    252 |      0 |   7 |  341.3 |
       Gehenna |   2768 |   2376 |    392 |     54 |      0 |   7 |  395.4 |
       Cocytus |   1770 |   1626 |    144 |    118 |      0 |   7 |  252.9 |
      Tartarus |   2173 |   1926 |    247 |     74 |    206 |   7 |  310.4 |
           Zot |  11848 |  10337 |   1511 |    576 |   6736 |   5 | 2369.6 |
         Abyss |    945 |    945 |      0 |      5 |    580 |   3 |  315.0 |
   Pandemonium |   9057 |   9057 |      0 |    224 |   2710 |  12 |  754.8 |
      Ziggurat |   1022 |   1022 |      0 |    294 |    173 |  11 |   92.9 |
      Ice Cave |    874 |    874 |      0 |      0 |    666 |   1 |  874.0 |
       Volcano |    607 |    607 |      0 |      3 |      0 |   1 |  607.0 |
    Desolation |   1547 |   1547 |      0 |     48 |    825 |   1 | 1547.0 |
               +--------+--------+--------+--------+--------+-----+--------+

Top non-repeatable levels by time:
Vaults:4: 4588 daAuts
Vaults:3: 4379 daAuts
 Crypt:3: 4338 daAuts
  Tomb:1: 4288 daAuts
    D:14: 4095 daAuts
Depths:2: 3873 daAuts
Vaults:1: 3752 daAuts
   Elf:3: 3667 daAuts
 Snake:4: 3344 daAuts
Vaults:2: 3276 daAuts
   Zot:1: 3129 daAuts
Depths:3: 3111 daAuts
   Zot:5: 2956 daAuts
  Lair:2: 2853 daAuts
  Lair:3: 2711 daAuts
